 Dungeon Sprint DCSS version 0.27-a0-1525-g1038ab4fd7 (webtiles) character file.

Game seed: 12643924815444633471

2008 mhtbhm the Imperceptible (level 9, 0/46 HPs)
             Began as a Spriggan Brigand on July 10, 2021.
             Was a Priest of Dithmenos.
             Slain by Erolcha (35 damage)
             ... in the Dungeon (Sprint III: "The Ten Rune Challenge").
             The game lasted 00:02:55 (1022 turns).

mhtbhm the Imperceptible (Spriggan Brigand)         Turns: 1022, Time: 00:02:55

Health: 0/46       AC:  3    Str:  7    XL:     9   Next: 2%
Magic:  10/10      EV: 20    Int: 13    God:    Dithmenos [***...]
Gold:   13         SH:  0    Dex: 19    Spells: 8/8 levels left

rFire    . . .     SeeInvis +   a - +2 dagger
rCold    . . .     Faith    .   (shield restricted)
rNeg     . . .     Spirit   .   b - +0 robe
rPois    .         Reflect  .   (helmet restricted)
rElec    .         Harm     .   c - +0 cloak
rCorr    .         Rampage  .   (gloves unavailable)
Will     +....     NoTele   +   (boots unavailable) Stlth **++++++++
                                (no amulet)
HPRegen  0.15/turn              (no ring)
MPRegen  0.12/turn              (no ring)

@: wreathed by umbra, very quick
A: very small, no large weapons, unfitting armour, see invisible, speed 3
a: Renounce Religion, Shadow Step


You were in the Dungeon.
You worshipped Dithmenos.
Dithmenos was most pleased with you.
You visited 1 branch You collected 13 gold pieces.

Inventory:

Hand Weapons
 a - a +2 dagger (weapon)
Missiles
 d - 6 poisoned darts
 e - a curare-tipped dart (quivered)
Armour
 b - a +0 robe (worn)
 c - a +0 cloak (worn)
Wands
 q - a wand of polymorph (7)
Scrolls
 k - a scroll of blinking
 l - 2 scrolls of immolation {unknown}
 m - a scroll of enchant weapon {unknown}
 o - a scroll of identify {unknown}
Potions
 f - a potion of curing
 g - 2 potions of heal wounds
 h - a potion of haste
 i - 3 potions of magic
 j - a potion of berserk rage
 n - 2 potions of flight {unknown}
 p - 4 potions of mutation
 r - a potion of might
Miscellaneous
 s - a piece from Xom's chessboard (11/15)


   Skills:
 + Level 4.7 Fighting
 + Level 8.8 Short Blades
 + Level 8.4 Throwing
 + Level 5.2 Dodging
 + Level 21.8 Stealth
 + Level 1.0 Evocations


You had 8 spell levels left.
You didn't know any spells.
Your spell library contained the following spells:

 Spells                   Type           Power      Damage    Failure   Level
 Pain                     Necr           0%         1d4       30%         1
 Gell's Gravitas          Tloc           0%         N/A       67%         3
 Lesser Beckoning         Tloc           0%         N/A       67%         3
 Teleport Other           Tloc           0%         N/A       67%         3
 Agony                    Necr           0%         N/A       100%        5
 Excruciating Wounds      Necr           0%         N/A       100%        5


Dungeon Overview and Level Annotations

Branches:
Dungeon (1/1)

Altars:
Cheibriados
Dithmenos
Elyvilon
Fedhas
Gozag
Hepliaklqana
Kikubaaqudgha
Makhleb
Nemelex Xobeh
Okawaru
Qazlal
Ru
Sif Muna
Trog
Uskayaw
Vehumet
Wu Jian
Xom
Yredelemnul
Zin
The Shining One
Beogh
Jiyva
Lugonu

Annotations:
D Erolcha


Innate Abilities, Weirdness & Mutations

You are very small and have problems with some larger weapons.
You are too small for most types of armour.
You have supernaturally acute eyesight. (SInv)
You cover ground extremely quickly. (Speed+++)


Message History

Erolcha looks even sicker.
Erolcha convulses.
Erolcha seems to slow down.
Erolcha is lightly wounded.
Erolcha hits you with a +0 giant club!
Unknown command.
You make a move on Xom's chessboard...
Erolcha seems to speed up.
Unknown command.
Unknown command.
You make a move on Xom's chessboard...
The redback twists and deforms.
Erolcha completely misses you.
Unknown command.
Unknown command.
You make a move on Xom's chessboard...
The redback resists with significant effort.
Erolcha closely misses you.
Unknown command.
You make a move on Xom's chessboard...
Erolcha seems to grow stronger.
Erolcha gestures at you while chanting. You resist with almost no effort.
Unknown command.
You hit Erolcha but do no damage.
Erolcha is moderately wounded.
Unknown command.
You hit Erolcha but do no damage.
Erolcha is moderately wounded.
Erolcha barely misses you.
Unknown command.
Unknown command.
You hit Erolcha.
Erolcha is moderately wounded.
You hit Erolcha but do no damage.
Erolcha is heavily wounded.
Erolcha screams, "Stand!
Erolcha hit you!"
Erolcha gestures wildly while chanting.
Erolcha flickers and vanishes for a moment.
You hit Erolcha but do no damage.
Erolcha is heavily wounded.
Erolcha is no longer moving slowly.
Erolcha hits you with a +0 giant club!!
Ouch! That really hurt!
You die...

###### __#__# _)#÷_#
###'## .....# .....#
####'#
_#...#+##############
_#...#....#)#)#)@Oss#
_#...##.#))#.##.###(#
_#...'##.#.#.##.#..##
_'...#...#..#..##.s's.....
▓▓▓▓▓▓▓▓▓▓▓▓▓▓▓▓▓▓▓#s....^
...^.. ..^.. ...^. ####


You could see Erolcha (fast, strong, invisible, poisoned) and 2 redbacks.

Vanquished Creatures
  A deep elf pyromancer (D)
  A shadow (D)
  A spatial vortex (D)
  A necrophage (D)
  5 two-headed ogres (D)
  A water elemental (D)
  A scorpion (D)
  A jelly (D)
  A wizard (D)
  A necromancer (D)
  3 humans (D)
  A kobold demonologist (D)
  An endoplasm (D)
  3 rats (D)
22 creatures vanquished.

Notes
Turn   | Place    | Note
-------+----------+-------------------------------------------
     0 | D        | mhtbhm the Spriggan Brigand began the quest for the Orb.
     0 | D        | Reached XP level 1. HP: 10/10 MP: 2/2
     5 | D        | Reached skill level 6 in Stealth
    20 | D        | Reached skill level 7 in Stealth
   192 | D        | Reached skill level 9 in Stealth
   192 | D        | Reached XP level 2. HP: 6/15 MP: 3/3
   357 | D        | Noticed a scorpion
   365 | D        | Killed a scorpion
   366 | D        | Reached skill level 11 in Stealth
   366 | D        | Reached XP level 3. HP: 18/19 MP: 4/4
   366 | D        | Reached XP level 4. HP: 22/23 MP: 5/5
   419 | D        | Noticed a water elemental
   422 | D        | Killed a water elemental
   423 | D        | Reached skill level 12 in Stealth
   423 | D        | Reached XP level 5. HP: 27/27 MP: 6/6
   432 | D        | Found a basalt altar of Yredelemnul.
   432 | D        | Found a shadowy altar of Dithmenos.
   432 | D        | Found a sacrificial altar of Ru.
   432 | D        | Noticed a necrophage
   435 | D        | Reached skill level 13 in Stealth
   456 | D        | Killed a necrophage
   457 | D        | Reached skill level 5 in Short Blades
   457 | D        | Reached skill level 5 in Throwing
   457 | D        | Reached skill level 14 in Stealth
   460 | D        | Became a worshipper of Dithmenos the Shadowed
   606 | D        | Found a glowing silver altar of Zin.
   606 | D        | Found a glowing golden altar of the Shining One.
   606 | D        | Found a white marble altar of Elyvilon.
   607 | D        | Noticed a deep elf pyromancer
   609 | D        | Killed a deep elf pyromancer
   610 | D        | Reached skill level 17 in Stealth
   610 | D        | Reached XP level 6. HP: 33/33 MP: 7/7
   610 | D        | Reached XP level 7. HP: 37/37 MP: 8/8
   620 | D        | Found a radiant altar of Vehumet.
   621 | D        | Found a shimmering blue altar of Sif Muna.
   621 | D        | Found an ancient bone altar of Kikubaaqudgha.
   623 | D        | Reached skill level 18 in Stealth
   624 | D        | Reached * piety under Dithmenos
   642 | D        | Found a hide-covered altar of Uskayaw.
   642 | D        | Found an iron altar of Okawaru.
   642 | D        | Found a bloodstained altar of Trog.
   642 | D        | Found an ornate altar of the Wu Jian Council.
   642 | D        | Noticed a human
   643 | D        | Noticed a human
   645 | D        | Killed a human
   646 | D        | Killed a human
   647 | D        | Reached skill level 19 in Stealth
   663 | D        | Noticed a shadow
   679 | D        | Killed a shadow
   679 | D        | Reached ** piety under Dithmenos
   680 | D        | Reached XP level 8. HP: 42/42 MP: 9/9
   758 | D        | Found a blossoming altar of Fedhas.
   758 | D        | Found a stormy altar of Qazlal.
   759 | D        | Found a snail-covered altar of Cheibriados.
   759 | D        | Found a burning altar of Makhleb.
   759 | D        | Found a hazy altar of Hepliaklqana.
   759 | D        | Found a shimmering altar of Xom.
   759 | D        | Found an opulent altar of Gozag.
   759 | D        | Found a sparkling altar of Nemelex Xobeh.
   759 | D        | Found a corrupted altar of Lugonu.
   759 | D        | Found a viscous altar of Jiyva.
   762 | D        | Reached skill level 20 in Stealth
   784 | D        | Reached *** piety under Dithmenos
   790 | D        | Noticed a two-headed ogre
   793 | D        | Killed a two-headed ogre
   794 | D        | Reached skill level 5 in Dodging
   794 | D        | Reached skill level 21 in Stealth
   798 | D        | Noticed a two-headed ogre
   798 | D        | Noticed Erolcha
   836 | D        | Killed a two-headed ogre
   837 | D        | Reached skill level 1 in Evocations
   837 | D        | Reached XP level 9. HP: 23/46 MP: 10/10
  1022 | D        | Slain by Erolcha

Illustrated notes

Levels and vault maps discovered:
D:        dungeon_sprint_mu [sprint_mu_entry_forest, sprint_mu_temple_rooms,
          sprint_mu_d1_spiders, sprint_mu_d2_genie, sprint_mu_d3_branching,
          sprint_mu_orc_legion, sprint_mu_elf_gauntlet, sprint_mu_hive_nellie,
          sprint_mu_lair_fedhas, sprint_mu_vaults_butterflies,
          sprint_mu_slime_circle, sprint_mu_swamp_cave, sprint_mu_snake_twists,
          sprint_mu_blade_basic, sprint_mu_crypt_lich, sprint_mu_tomb_spiral,
          sprint_mu_vestibule_basic, sprint_mu_gehenna_hellfire,
          sprint_mu_dis_giant, sprint_mu_tartarus_statrot,
          sprint_mu_cocytus_islands, sprint_mu_zot1]

Skill      XL: |  1  2  3  4  5  6  7  8 |
---------------+-------------------------+-----
Stealth        | 9 11 12 17 19 21 | 21.8
Fighting       | 2 3 4 |  4.7
Throwing       | 3 4 6 7 8 |  8.4
Short Blades   | 3 4 6 7 8 |  8.8
Dodging        | 2 3 4 5 |  5.2
Evocations     | 1 |  1.0

Action                   |  1- 3 |  4- 6 |  7- 9 || total
-------------------------+-------+-------+-------++-------
Melee: Dagger            |    11 |    25 |    22 ||    58
Throw: Dart              |    10 |       |     7 ||    17
Evoke: Piece from Xom's  |       |       |     9 ||     9
  Use: Potion            |       |       |     1 ||     1
 Stab: Sleeping          |     2 |     3 |    10 ||    15
       Petrified         |       |       |     1 ||     1
Armor: Robe              |       |     4 |       ||     4
Dodge: Dodged            |     2 |    11 |     7 ||    20

Table legend: (Time is in decaauts)
 A = Elapsed time spent in this place.
 B = Non-inter-level travel time spent in this place.
 C = Inter-level travel time spent in this place.
 D = Time resting spent in this place.
 E = Time spent auto-exploring this place.
 F = Levels seen in this place.
 G = Mean time per level.
                   A        B        C        D        E       F      G
               +--------+--------+--------+--------+--------+-----+--------+
         Total |    907 |    907 |      0 |    639 |      6 |   1 |  907.0 |
       Dungeon |    907 |    907 |      0 |    639 |      6 |   1 |  907.0 |
               +--------+--------+--------+--------+--------+-----+--------+

Top non-repeatable levels by time:
       D: 907 daAuts
